 Dungeon Crawl Stone Soup version 0.21.1-1-g345015f (webtiles) character file.

48 Hylith the Grave Robber (level 3, -11/25 HPs)
             Began as a Gnoll Necromancer on May 30, 2018.
             Killed by nerve-wracking pain
             ... invoked by Jessica
              (13 damage)
             ... on level 2 of the Dungeon.
             The game lasted 00:09:39 (1050 turns).

Hylith the Grave Robber (Gnoll Necromancer)         Turns: 1050, Time: 00:09:40

Health: -11/25     AC:  5    Str: 10    XL:     3   Next: 72%
Magic:  0/9        EV: 12    Int: 18    God:
Gold:   27         SH:  0    Dex: 15    Spells: 8/12 levels left

rFire    . . .     SeeInvis .   e - -1 club (curse)
rCold    . . .     Gourm    .   (no shield)
rNeg     . . .     Faith    .   j - +0 ring mail
rPois    .         Spirit   .   (no helmet)
rElec    .         Reflect  .   (no cloak)
rCorr    .         Harm     .   (no gloves)
MR       .....                  (no boots)
Stlth    ++........             (no amulet)
HPRegen  0.08/turn              (no ring)
MPRegen  0.11/turn              (no ring)

@: no status effects
A: distributed training, fangs 1, strong nose
a: no special abilities


You were on level 2 of the Dungeon.
You were not hungry.

You visited 1 branch of the dungeon, and saw 2 of its levels.

You collected 27 gold pieces.

Inventory:

Hand Weapons
 e - a cursed -1 club (weapon)
 g - a +0 whip
 h - a +0 dagger
Armour
 a - a +0 robe
 i - a +0 robe
 j - a +0 ring mail (worn)
Scrolls
 k - a scroll of identify {unknown}
Potions
 d - a potion of curing {unknown}
 f - 2 potions of lignification {unknown}
 l - a potion of might {unknown}
Books
 b - a book of Necromancy

   Spells                             Type                      Level
   a - Pain                           Necromancy                   1
   b - Animate Skeleton               Necromancy                   1
   c - Vampiric Draining              Necromancy                   3
   d - Regeneration                   Charms/Necromancy            3
   e - Animate Dead                   Necromancy                   4
   f - Borgnjor's Vile Clutch         Necromancy/Earth             5
Comestibles
 c - a ration


   Skills:
 + Level 0.9 Fighting
 + Level 0.9 Short Blades
 + Level 0.9 Long Blades
 + Level 0.9 Axes
 + Level 0.9 Maces & Flails
 + Level 0.9 Polearms
 + Level 0.9 Staves
 + Level 0.9 Slings
 + Level 0.9 Bows
 + Level 0.9 Crossbows
 + Level 0.9 Throwing
 + Level 0.9 Armour
 + Level 4.5 Dodging
 + Level 4.2 Stealth
 + Level 0.9 Shields
 + Level 0.9 Unarmed Combat
 + Level 5.0 Spellcasting
 + Level 0.6 Conjurations
 + Level 0.6 Hexes
 + Level 0.6 Charms
 + Level 0.6 Summonings
 + Level 7.1 Necromancy
 + Level 0.6 Translocations
 + Level 0.6 Transmutations
 + Level 0.6 Fire Magic
 + Level 0.6 Ice Magic
 + Level 0.6 Air Magic
 + Level 0.6 Earth Magic
 + Level 0.6 Poison Magic
 + Level 1.0 Invocations
 + Level 0.9 Evocations


You had 8 spell levels left.
You knew the following spells:

 Your Spells              Type           Power        Failure   Level  Hunger
a - Pain                  Necr           ####         1%          1    None
b - Regeneration          Chrm/Necr      ###.......   21%         3    ##.....


Dungeon Overview and Level Annotations

Branches:
Dungeon (2/15)

Altars:

Annotations:
D:2 Jessica


Innate Abilities, Weirdness & Mutations

Your experience applies equally to all skills.
You have very sharp teeth.
Your uncanny sense of smell can sniff out nearby items.


Message History

Pain shoots through your body!
Found a leather armour.
A quokka comes into view.
You see here a wand of flame (18).
Casting: Pain
Confirm with . or Enter, or press ? or * to list all spells.
Aiming: Pain
Press: ? - help, Shift-Dir - straight line, f - Jessica
Aim: Jessica, wearing a robe (fast, chance to defeat MR: 89%) Jessica writhes in agony!
The hobgoblin shouts!
Jessica casts a spell at you. Pain shoots through your body!
* * * LOW HITPOINT WARNING * * *
Jessica casts a spell.
Jessica blinks!
Jessica points at you and mumbles some strange words.
Pain shoots through your body!
Ouch! That really hurt!
You die...

##.....<...>.....†.........######
#...............#..............##
#..............#####.............
#.......>##.#....#####..........#
......)..##.####..##............#
.#.......##.# ###.......##....#.#
.......#..#.###?.........#...##.#
...###.......†.......###........#
.## ######.....@###........#....
. ##....<.@†...##............
.....#.........# ##.###......
...........<...# #.# #.#....
........./.....# # #......
............r.....∆ .<..... ∆
........>..g...#...
..................
..............#..#


You could see Jessica, a quokka and a hobgoblin.

Vanquished Creatures
  2 worms (D:2)
  A dart slug (D:2)
  3 leopard geckos
  5 goblins
  3 hobgoblins (D:1)
  A quokka (D:2)
  6 bats
  8 frilled lizards
  3 kobolds (D:1)
  7 rats
39 creatures vanquished.

Notes
Turn   | Place    | Note
-------+----------+-------------------------------------------
     0 | D:1      | Hylith the Gnoll Necromancer began the quest for the Orb.
     0 | D:1      | Reached XP level 1. HP: 13/13 MP: 6/6
   230 | D:1      | Reached XP level 2. HP: 19/19 MP: 5/7
   589 | D:1      | Reached XP level 3. HP: 17/25 MP: 7/9
   594 | D:1      | Learned a level 3 spell: Regeneration
   786 | D:2      | Reached skill level 5 in Spellcasting
   899 | D:2      | Reached skill level 1 in Invocations
   995 | D:2      | Noticed Jessica
  1050 | D:2      | Killed from afar by Jessica

Skill      XL: |  1  2  3 |
---------------+----------+-----
Spellcasting   | 5 |  5.0
Invocations    | 1 |  1.0
Fighting       | |  0.9
Short Blades   | |  0.9
Long Blades    | |  0.9
Axes           | |  0.9
Maces & Flails | |  0.9
Polearms       | |  0.9
Staves         | |  0.9
Slings         | |  0.9
Bows           | |  0.9
Crossbows      | |  0.9
Throwing       | |  0.9
Armour         | |  0.9
Dodging        | |  4.5
Stealth        | |  4.2
Shields        | |  0.9
Unarmed Combat | |  0.9
Conjurations   | |  0.6
Hexes          | |  0.6
Charms         | |  0.6
Summonings     | |  0.6
Necromancy     | |  7.1
Translocations | |  0.6
Transmutations | |  0.6
Fire Magic     | |  0.6
Ice Magic      | |  0.6
Air Magic      | |  0.6
Earth Magic    | |  0.6
Poison Magic   | |  0.6
Evocations     | |  0.9

Action                   || total
-------------------------++-------
Melee: Club              ||    21
       Bite              ||     3
 Cast: Pain              ||    60
       Regeneration      ||     3
  Eat: Ration            ||     1
Armor: Robe              ||     7
       Ring mail         ||     1
Dodge: Dodged            ||    24
